Map: Néo-Gettysburg EC

Players

Guzi

  • Race: Terran Terran
  • League: Platinum
  • Spawn Location: 5:00

zidar - Winner!

  • Race: Zerg Zerg
  • League: Platinum
  • Spawn Location: 7:00

VOD

Have the link to the VOD?

Description

Time

  • Played on: Nov. 3, 2016, 3:30 p.m.
  • Length: 5:55
Show
View Real Time Build Order
Export as new Build Order

Guzi Terran 

Build Orders:  

Get SALT Encoding   

  12  0:01  SCV  
  13  0:14  Supply Depot  
  13  0:18  SCV  
  14  0:30  SCV  
  15  0:38  Barracks  
  16  0:42  SCV  
  16  0:48  Refinery  
  16  0:55  SCV  
  17  1:07  SCV  
  18  1:19  SCV  
  19  1:28  Supply Depot  
  19  1:33  Reaper  
  20  1:40  SCV  
  20  1:46  Refinery  
  21  1:52  Barracks  
  21  2:01  Barracks  
  21  2:11  Reaper  
  23  2:22  SCV  
  23  2:35  SCV  
  24  2:43  Factory  
  24  2:46  Reaper  
  24  2:47  SCV  
  24  2:50  Reaper  
  26  3:05  SCV  
  27  3:09  Command Center  
  27  3:10  Reaper  
  28  3:31  Factory Reactor  
  28  3:34  Marine x2  
  30  3:41  SCV  
  31  4:03  Barracks Tech Lab  
  31  4:04  Barracks Tech Lab  
  31  4:05  Barracks Tech Lab  
  30  4:13  Orbital Command  
  30  4:21  Hellion  
  30  4:24  Supply Depot x2  
  32  4:30  Combat Shield  
  32  4:32  Concussive Shells  
  32  4:36  Marauder x3  
  35  4:56  Bunker  
  33  5:10  Marauder x2  
  33  5:11  Marauder  
  35  5:19  Hellion  
  31  5:32  Marauder  
Show
View Real Time Build Order
Export as new Build Order

zidar Zerg - Winner!

Build Orders: Hatch First 

Get SALT Encoding   

  12  0:01  Drone  
  13  0:13  Overlord  
  13  0:18  Drone  
  14  0:33  Drone x2  
  16  0:52  Hatchery  
  16  0:56  Drone  
  16  1:03  Extractor, Drone  
  16  1:22  Spawning Pool, Drone  
  16  1:35  Drone  
  17  1:40  Drone x2  
  19  2:08  Queen  
  19  2:09  Queen  
  19  2:11  Zergling x4  
  19  2:12  Zergling x2  
  25  2:33  Metabolic Boost  
  25  2:41  Drone x3  
  25  2:43  Roach Warren  
  27  3:07  Drone  
  27  3:10  Overlord x3  
  28  3:21  Extractor  
  27  3:31  Roach x5  
  39  3:34  Roach  
  39  3:38  Roach  
  40  4:00  Ravager x2  
  40  4:11  Roach x3  
  46  4:27  Roach x3  
  44  5:30  Ravager  
  44  5:33  Roach x2  
  44  5:34  Roach  
Tags
 
Add a new tag
Caveats
  • Supply blocks, unpowered buildings, or Contaminate may cause inaccurate times.
  • Supply counts are checked every 10 seconds.